 Dungeon Crawl Stone Soup version 0.29-a0-870-g2c972031a6 (webtiles) character file.

Game seed: 5015942688213906984

23 PriceMaster the Firebug (level 2, -2/17 HPs)
             Began as an Octopode Fire Elementalist on July 18, 2022.
             Slain by Terence
             ... wielding a +0 hand axe
              (7 damage)
             ... on level 2 of the Dungeon.
             The game lasted 00:03:14 (1724 turns).

PriceMaster the Firebug (OpFE)                      Turns: 1724, Time: 00:03:15

Health: -2/17      AC:  1    Str:  7    XL:     2   Next: 95%
Magic:  2/5        EV: 17    Int: 17    God:
Gold:   140        SH:  0    Dex: 12    Spells: 4/5 levels left

rFire   . . .      SeeInvis .   h - +0 dagger
rCold   . . .      Faith    .   (no shield)
rNeg    . . .      Spirit   .   (helmet restricted)
rPois   .          Reflect  .   (no amulet)
rElec   .          Harm     .   c - +4 ring of evasion
rCorr   .          Rampage  .   (no ring)
Will    .....                   (no ring)
Stlth   +++.......              (no ring)
HPRegen 0.05/turn               (no ring)
MPRegen 0.09/turn               (no ring)
                                (no ring)
                                (no ring)

@: no status effects
A: almost no armour, amphibious, 8 rings, camouflage 1, gelatinous body 1,
(nimble swimmer 1), tentacles
a: no special abilities


You were on level 2 of the Dungeon.
You visited 1 branch of the dungeon, and saw 2 of its levels.

You collected 140 gold pieces.

Inventory:

Hand Weapons
 h - a +0 dagger (weapon)
Jewellery
 c - a +4 ring of evasion (left tentacle)
Scrolls
 b - 3 scrolls of identify {unknown}
 d - 2 scrolls of fog {unknown}
 g - a scroll of noise {unknown}
 i - a scroll of immolation {unknown}
 k - a scroll of summoning {unknown}
Potions
 a - a potion of magic
 e - a potion of curing {unknown}
 f - a potion of flight {unknown}
 j - a potion of heal wounds {unknown}


   Skills:
 + Level 2.2 Dodging
 + Level 2.7 Stealth
 + Level 2.2 Spellcasting
 + Level 1.1 Conjurations
 + Level 3.6 Fire Magic


You had 4 spell levels left.
You knew the following spells:

 Your Spells              Type           Power      Damage    Failure   Level
a - Foxfire               Conj/Fire      40%        2x1d6     7%          1

Your spell library contained the following spells:

 Spells                   Type           Power      Damage    Failure   Level
 Scorch                   Fire           28%        2d6       6%          2
 Conjure Flame            Conj/Fire      10%        6-21      22%         3
 Inner Flame              Hex/Fire       8%         N/A       26%         3
 Flame Wave               Conj/Fire      10%        2d5       56%         4


Dungeon Overview and Level Annotations

Branches:
Dungeon (2/15)

Altars:

Annotations:
D:2 Terence


Innate Abilities, Weirdness & Mutations

You cannot wear most types of armour.
You are amphibious.
You can wear up to eight rings at the same time.
Your skin changes colour to match your surroundings (Stealth+).
Your rubbery body absorbs attacks. (AC +1, EV +1)
((You are camouflaged when in or above water. (Stealth+)))
You have tentacles for arms and can constrict up to eight enemies at once.


Message History

No target in view!
No target in view!
No target in view!
No target in view!
No target in view!
No target in view!
No target in view!
b - 3 scrolls labelled DEOH ZIROIFRAU (gained 1) Terence the Incautious comes into view.
He is wielding a +0 hand axe.
Terence is nearby!
Terence is nearby!
Terence is nearby!
You conjure some foxfire!
Unknown command.
Your foxfire dissipates!
You conjure some foxfire!
Your foxfire dissipates!
The helpless Terence fails to defend himself.
You hit Terence. You grab Terence.
Terence is lightly wounded.
You constrict Terence, but do no damage.
Terence barely misses you.
Your foxfire dissipates!
You release your grip on Terence.
You conjure some foxfire!
Terence hits you with a +0 hand axe.
Your foxfire dissipates!
The foxfire hits Terence.
Terence is heavily wounded.
You conjure some foxfire!
Terence misses you.
Terence hits your foxfire with a +0 hand axe.
Your foxfire dissipates!
Terence says, "Rest in peace."
Terence hits you with a +0 hand axe!
Ouch! That really hurt!
* * * LOW HITPOINT WARNING * * *
Terence attacks as you move away! Terence closely misses you.
You are too injured to fight recklessly!
You are too injured to fight recklessly!
Terence attacks as you move away! Terence hits you with a +0 hand axe!
You die...

#.# # #.# ### ### .#
#.#### #.. .###.
.....# #.#####....
#.##.### #...#...#.#
#.##...# #.....# #.#
#.####.# #.#... #.#
#.####.#####.#.#####.#
#...............@@...#
######...<...#.#######
# #########.# ##.##
##...######
#..........
##.).###### ##.## ###


You could see Terence.

Vanquished Creatures
  A bat (D:1)
  An endoplasm (D:1)
  5 goblins
  3 hobgoblins
  2 jackals (D:1)
  2 kobolds (D:1)
  A quokka (D:2)
  3 ball pythons
  A frilled lizard (D:1)
  A toadstool (D:1)
20 creatures vanquished.

Vanquished Creatures (others)
  30 foxfires
  3 fungi (D:1)
  3 toadstools (D:1)
36 creatures vanquished.

Grand Total: 56 creatures vanquished

Notes
Turn   | Place    | Note
-------+----------+-------------------------------------------
     0 | D:1      | PriceMaster the Octopode Fire Elementalist began the quest
                  | for the Orb.
     0 | D:1      | Reached XP level 1. HP: 11/11 MP: 3/3
   619 | D:1      | Reached XP level 2. HP: 10/17 MP: 3/5
  1708 | D:2      | Noticed Terence
  1724 | D:2      | Slain by Terence

Illustrated notes

Levels and vault maps discovered:
D:1:      dpeg_arrival_rooms_c, layout_basic, minmay_gold_behind_fungi
D:2:      layout_loops_ring, ebering_ecumenical_altar_box,
          kennysheep_generic_room_10, uniq_terence

Action                   || total
-------------------------++-------
Melee: Unarmed           ||    24
       Constrict         ||    12
       Tentacles         ||     9
       Punch             ||     1
       Dagger            ||    12
 Cast: Foxfire           ||    22
 Stab: Sleeping          ||     4
Armor: Skin              ||     2
Dodge: Dodged            ||    15

Table legend: (Time is in decaauts)
 A = Elapsed time spent in this place.
 B = Non-inter-level travel time spent in this place.
 C = Inter-level travel time spent in this place.
 D = Time resting spent in this place.
 E = Time spent auto-exploring this place.
 F = Levels seen in this place.
 G = Mean time per level.
                   A        B        C        D        E       F      G
               +--------+--------+--------+--------+--------+-----+--------+
         Total |   1722 |   1707 |     15 |    570 |    914 |   2 |  861.0 |
       Dungeon |   1722 |   1707 |     15 |    570 |    914 |   2 |  861.0 |
               +--------+--------+--------+--------+--------+-----+--------+

Top non-repeatable levels by time:
     D:1: 1425 daAuts
     D:2: 297 daAuts
